Map: Chantier naval orbital

Players

Kinder - Winner!

  • Race: Terran Terran
  • League: Master

Sylfaen

  • Race: Protoss Protoss
  • League: Diamond

VOD

Have the link to the VOD?

Description

Time

  • Played on: Jan. 29, 2016, 5:15 p.m.
  • Length: 11:35
Show
View Real Time Build Order
Export as new Build Order

Kinder Terran - Winner!

Build Orders:  

Get SALT Encoding   

  12  0:01  SCV  
  13  0:13  SCV  
  14  0:21  Supply Depot  
  14  0:26  SCV  
  15  0:39  Refinery  
  15  0:43  SCV  
  16  0:50  Barracks  
  16  0:55  SCV  
  17  1:02  Refinery  
  17  1:07  SCV  
  18  1:19  SCV  
  19  1:25  Supply Depot  
  19  1:37  Reaper, Orbital Command  
  20  1:50  Ghost Academy  
  20  2:03  SCV  
  21  2:10  Supply Depot, Barracks Tech Lab  
  21  2:20  Personal Cloaking  
  21  2:23  SCV  
  22  2:37  Ghost  
  22  2:42  SCV  
  25  2:55  Factory  
  25  2:56  SCV  
  26  3:06  Ghost  
  26  3:08  SCV  
  29  3:26  Command Center  
  29  3:29  SCV  
  30  3:40  Ghost  
  31  3:56  Factory Tech Lab  
  31  4:01  Barracks  
  31  4:05  SCV  
  32  4:17  SCV  
  32  4:21  Marine  
  34  4:28  Cyclone  
  34  4:29  SCV  
  38  4:39  Ghost  
  38  4:41  Mag-Field Accelerator  
  38  5:02  SCV  
  38  5:03  Barracks Reactor  
  39  5:07  Ghost  
  41  5:14  SCV  
  41  5:21  Orbital Command  
  42  5:26  SCV  
  42  5:28  Cyclone  
  46  5:39  SCV  
  46  5:40  Marine  
  46  5:41  Marine  
  49  5:45  Barracks  
  49  5:48  SCV  
  49  5:49  Barracks  
  50  5:51  SCV  
  49  6:00  SCV  
  49  6:03  SCV  
  53  6:10  Marine  
  53  6:11  Cyclone, Marine  
  51  6:16  Bunker  
  54  6:20  Bunker  
  54  6:25  SCV  
  54  6:27  Supply Depot  
  54  6:29  Supply Depot  
  54  6:34  Barracks Reactor  
  54  6:47  Supply Depot  
  54  6:49  SCV x2, Cyclone, Marine x2  
  54  6:53  Marine  
  62  7:07  Marine x2  
  64  7:11  Marine  
  66  7:15  SCV x2  
  66  7:16  Marine x2  
  69  7:24  Marine x2  
  69  7:29  Supply Depot x2  
  72  7:30  Siege Tank  
  72  7:33  Marine x2  
  72  7:35  Nuke  
  75  7:38  Barracks Tech Lab  
  75  7:41  SCV x2, Supply Depot  
  75  7:42  Supply Depot, Marine  
  75  7:45  Marine  
  76  7:51  Engineering Bay, Marine  
  76  7:53  SCV x2, Engineering Bay  
  76  7:57  Refinery  
  79  7:58  Refinery  
  79  7:59  Marine x2  
  79  8:02  Siege Tank  
  84  8:05  SCV  
  84  8:10  Marine x2  
  84  8:11  Starport  
  88  8:12  SCV  
  88  8:17  Marine x3  
  91  8:27  Stimpack  
  91  8:28  Marine  
  92  8:36  SCV x2, Marine x2  
  96  8:43  Marine  
  96  8:44  Siege Tank, Marine  
  96  8:48  SCV x2  
  103  8:55  Command Center  
  103  8:57  Missile Turret  
  103  9:02  Missile Turret  
  87  9:26  Terran Infantry Weapons Level 1  
  87  9:29  SCV  
  87  9:30  SCV  
  88  9:31  Marine x3  
  88  9:37  Starport Reactor  
  89  9:42  Marine x2  
  89  9:44  SCV x2  
  93  9:49  Marine  
  94  9:57  SCV x2  
  96  10:03  Marine x4  
  100  10:07  Marine  
  100  10:13  SCV x2  
  103  10:22  Marine x3  
  103  10:23  Siege Tank, Medivac x2  
  103  10:25  SCV x2  
  115  10:29  Barracks  
  115  10:36  Orbital Command  
  115  10:37  SCV x2  
  115  10:38  Marine  
  118  10:44  Bunker, Marine x2  
  118  10:49  SCV x2  
  122  10:58  Medivac  
  122  11:01  SCV  
  122  11:03  Refinery  
  125  11:04  Barracks  
  125  11:07  Refinery, SCV  
  123  11:13  SCV  
  123  11:19  SCV  
  125  11:26  Supply Depot  
Show
View Real Time Build Order
Export as new Build Order

Sylfaen Protoss 

Build Orders: 1 Gate Expand 

Get SALT Encoding   

  12  0:02  Probe (Chrono Boost)  
  13  0:12  Probe (Chrono Boost)  
  14  0:22  Pylon  
  14  0:25  Probe (Chrono Boost)  
  15  0:41  Probe (Chrono Boost)  
  15  0:42  Gateway  
  16  0:50  Assimilator  
  16  0:51  Probe (Chrono Boost)  
  17  1:02  Probe (Chrono Boost)  
  18  1:12  Probe (Chrono Boost)  
  19  1:21  Nexus  
  19  1:23  Probe (Chrono Boost)  
  20  1:33  Cybernetics Core  
  20  1:37  Probe (Chrono Boost)  
  21  1:42  Assimilator  
  21  1:47  Probe (Chrono Boost)  
  21  1:50  Pylon  
  22  1:58  Probe (Chrono Boost)  
  23  2:08  Probe (Chrono Boost)  
  23  2:10  Adept (Chrono Boost)  
  23  2:11  Warp Gate  
  26  2:20  Probe  
  27  2:26  Twilight Council  
  25  2:45  Probe x2 (Chrono Boost)  
  27  2:52  Robotics Facility  
  27  2:56  Probe x2 (Chrono Boost)  
  29  3:06  Probe x2 (Chrono Boost)  
  29  3:10  Adept  
  33  3:14  Resonating Glaives (Chrono Boost)  
  33  3:16  Probe (Chrono Boost)  
  33  3:17  Probe (Chrono Boost)  
  35  3:26  Probe  
  35  3:29  Mothership Core  
  35  3:30  Gateway  
  38  3:36  Probe  
  38  3:39  Gateway  
  39  3:46  Warp Prism (Chrono Boost)  
  37  3:53  Probe x2  
  41  4:05  Probe x2  
  41  4:07  Pylon  
  40  4:17  Probe x2  
  40  4:19  Observer  
  35  4:34  Forge  
  30  4:42  Pylon  
  24  5:03  Stalker x2  
  24  5:06  Adept  
  28  5:14  Warp Prism  
  28  5:20  Protoss Ground Weapons Level 1  
  26  5:29  Probe x2  
  28  5:41  Probe x2  
  28  5:57  Probe x2  
  30  6:14  Probe x2  
  32  6:21  Warp Prism  
  30  6:26  Probe x2  
  34  6:38  Probe x2  
  35  6:55  Observer  
  26  7:14  Observer  
  22  7:32  Probe x2  
  22  7:35  Warp Prism  
  26  7:44  Probe x2  
  28  7:56  Probe x2  
  30  8:05  Photon Cannon  
  30  8:08  Probe  
  30  8:09  Probe  
  32  8:20  Probe  
  32  8:21  Probe  
  34  8:33  Probe x2  
  34  8:45  Probe  
  34  8:47  Probe  
  36  8:57  Probe  
  36  8:58  Adept x3  
  36  8:59  Probe  
  44  9:09  Probe  
  45  9:11  Probe  
  44  9:21  Probe  
  44  9:23  Probe  
  44  9:33  Probe  
  44  9:35  Probe  
  44  9:38  Assimilator  
  44  9:39  Assimilator  
  44  9:45  Probe  
  45  9:47  Probe  
  46  9:57  Probe  
  46  9:59  Probe  
  46  10:09  Probe  
  46  10:11  Probe  
  48  10:24  Mothership Core  
  48  10:25  Probe  
  48  10:26  Pylon  
  51  10:29  Pylon  
  51  10:30  Nexus  
  51  10:38  Probe, Pylon  
  51  10:41  Pylon  
  52  10:43  Robotics Bay  
  52  10:45  Probe  
  53  11:03  Robotics Facility, Pylon  
Tags
 
Add a new tag
Caveats
  • Supply blocks, unpowered buildings, or Contaminate may cause inaccurate times.
  • Supply counts are checked every 10 seconds.